 Dungeon Crawl Stone Soup version 0.24-a0-201-gf205589 (webtiles) character file.

Game seed: 3966226722554047587

207 Borgoz the Cutter (level 5, -3/32 HPs)
             Began as a Gargoyle Gladiator on Mar 25, 2019.
             Was an Initiate of Ashenzari.
             Slain by Menkaure (20 damage)
             ... on level 4 of the Dungeon.
             The game lasted 00:03:59 (2793 turns).

Borgoz the Cutter (Gargoyle Gladiator)              Turns: 2793, Time: 00:03:59

Health: -3/32      AC: 10    Str: 17    XL:     5   Next: 85%
Magic:  7/7        EV: 18    Int: 10    God:    Ashenzari [......]
Gold:   128        SH:  0    Dex: 16    Spells: 6/6 levels left

rFire    . . .     SeeInvis .   a - +0 rapier
rCold    . . .     Gourm    .   (no shield)
rNeg     + . .     Faith    .   b - +0 leather armour
rPois    ∞         Spirit   .   c - +0 helmet
rElec    +         Reflect  .   (no cloak)
rCorr    .         Harm     .   m - +0 pair of gloves
MR       .....                  l - +0 pair of boots
Stlth    +++.......             (no amulet)
HPRegen  0.10/turn              (no ring)
MPRegen  0.10/turn              (no ring)

@: agile
A: negative energy resistance 1, electricity resistance, unbreathing,
petrification resistance, rot immunity, AC +4
a: Curse Item, Renounce Religion


You were on level 4 of the Dungeon.
You worshipped Ashenzari.
Ashenzari was noncommittal.
You were not hungry.

You visited 2 branches of the dungeon, and saw 5 of its levels.

You collected 128 gold pieces.

Inventory:

Hand Weapons
 a - a +0 rapier (weapon)
Missiles
 d - 3 throwing nets (quivered)
 k - 6 curare-tipped needles
Armour
 b - a +0 leather armour (worn)
 c - a +0 helmet (worn)
 l - a +0 pair of boots (worn)
 m - a +0 pair of gloves (worn)
Scrolls
 e - a scroll of teleportation {unknown}
 i - 3 scrolls of identify {unknown}
 j - a scroll of fear {unknown}
 n - a scroll of magic mapping {unknown}
 o - a scroll of enchant armour {unknown}
 q - a scroll of blinking {unknown}
 r - a scroll of enchant weapon {unknown}
Potions
 p - a potion of lignification {unknown}
 s - 2 potions of agility
 t - a potion of mutation {unknown}
Comestibles
 f - 6 rations


   Skills:
 + Level 3.0 Fighting
 * Level 3.6 Short Blades
 + Level 2.3 Throwing
 + Level 1.3 Armour
 * Level 3.2 Dodging
 + Level 1.6 Stealth
 + Level 1.4 Spellcasting


You had 6 spell levels left.
You didn't know any spells.
Your spell library was empty.

Dungeon Overview and Level Annotations

Branches:
Dungeon (4/15)             Temple (1/1) D:4

Altars:
Ashenzari
Cheibriados
Dithmenos
Elyvilon
Fedhas
Gozag
Kikubaaqudgha
Makhleb
Nemelex Xobeh
Okawaru
Qazlal
Ru
Sif Muna
Trog
Uskayaw
Vehumet
Wu Jian
Xom
Yredelemnul
Zin
The Shining One

Annotations:
D:4 Menkaure


Innate Abilities, Weirdness & Mutations

You are resistant to torment.
Your stone body is resilient. (AC +4)
You are immune to poison.
You resist negative energy. (rN+)
You are resistant to electric shocks. (rElec)
You can survive without breathing.
You are immune to petrification.
You are immune to rotting.


Message History

You hit Menkaure.
Menkaure is heavily damaged.
Menkaure barely misses you.
You closely miss Menkaure.
Menkaure is heavily damaged.
Menkaure calls on the powers of darkness!
Your body is wracked with pain!
You hit Menkaure.
Menkaure is heavily damaged.
Menkaure hits you!
* * * LOW HITPOINT WARNING * * *
You are too injured to fight recklessly!
You are too injured to fight recklessly!
You are too injured to fight recklessly!
You are too injured to fight recklessly!
You are too injured to fight recklessly!
You are too injured to fight recklessly!
You feel better. Menkaure hits you!!
Ouch! That really hurt!
You die...

#####.#.#
......#.##
........#
.....#..#.#
....#..#<#
#........#
#.####......#
#..M@.......+ #
#######.....# #
#.....# # ##.[...#
##### ####......#
#.... #.........#
#.### #.♣.♣.##[##
#.#..
#..>...[.######....
#.♣.♣..#....[.....#


You could see Menkaure.

Vanquished Creatures
  Blork the orc (D:4)
  A centaur zombie (D:4)
  An adder (D:2)
  An ooze (D:1)
  2 worms (D:2)
  A leopard gecko (D:2)
  8 orcs
  3 bats
  3 giant cockroaches
  12 goblins
  11 hobgoblins
  8 jackals
  3 ball pythons (D:2)
  5 frilled lizards
  6 kobolds
  4 rats
70 creatures vanquished.

Notes
Turn   | Place    | Note
-------+----------+-------------------------------------------
     0 | D:1      | Borgoz the Gargoyle Gladiator began the quest for the Orb.
     0 | D:1      | Reached XP level 1. HP: 12/12 MP: 1/1
    69 | D:1      | Reached XP level 2. HP: 15/17 MP: 2/2
   181 | D:1      | Reached XP level 3. HP: 16/22 MP: 3/3
   522 | D:2      | Reached skill level 1 in Stealth
   731 | D:2      | Reached skill level 1 in Spellcasting
   756 | D:2      | Reached XP level 4. HP: 26/27 MP: 5/5
  2352 | D:4      | Noticed Blork the orc
  2365 | D:4      | Killed Blork the orc
  2365 | D:4      | Reached skill level 1 in Armour
  2365 | D:4      | Reached XP level 5. HP: 16/32 MP: 5/7
  2543 | D:4      | Found a staircase to the Ecumenical Temple.
  2569 | Temple   | Entered the Ecumenical Temple
  2598 | Temple   | Became a worshipper of Ashenzari the Shackled
  2781 | D:4      | Noticed Menkaure
  2793 | D:4      | Slain by Menkaure

Levels and vault maps discovered:
D:1:      scummos_arrival_star, layout_rooms, minivault_4
D:2:      layout_basic
D:3:      layout_loops_corners, first_ration, minmay_misc_feat_tower,
          chequers_serial_rivers_room_b
D:4:      cheibrodos_barr_body, layout_basic, minmay_temple_entry_trees,
          uniq_menkaure, uniq_natasha, uniq_blork_the_orc
Temple:   minmay_crystal_snake_temple

Skill      XL: |  1  2  3  4  5 |
---------------+----------------+-----
Short Blades   | 3 |  3.6
Stealth        | 1 |  1.6
Throwing       | 2 |  2.3
Spellcasting   | 1 |  1.4
Dodging        | 3 |  3.2
Armour         | 1 |  1.3
Fighting       | 3 |  3.0

Action                   |  1- 3 |  4- 6 || total
-------------------------+-------+-------++-------
Melee: Rapier            |   120 |   137 ||   257
  Use: Potion            |       |     4 ||     4
 Stab: Distracted        |     1 |     1 ||     2
       Sleeping          |       |     1 ||     1
  Eat: Chunk             |       |     6 ||     6
Armor: Leather armour    |    56 |    49 ||   105
Dodge: Dodged            |    82 |    97 ||   179

Table legend:
 A = Non-vault XP
 B = Vault XP
 C = Vault XP percentage of total XP
 D = Non-vault monster count
 E = Vault monster count
 F = Vault count percentage of total count
                 A         B        C        D         E       F
            +---------+---------+-------+---------+---------+-------
      Total |     198 |      99 |  33.3 |      69 |       1 |   1.4
            +---------+---------+-------+---------+---------+-------
        D:1 |      44 |       0 |   0.0 |      22 |       0 |   0.0
        D:2 |      62 |       0 |   0.0 |      26 |       0 |   0.0
        D:3 |      32 |       0 |   0.0 |      16 |       0 |   0.0
        D:4 |      60 |      99 |  62.3 |       5 |       1 |  16.7
            +---------+---------+-------+---------+---------+-------
